 Dungeon Crawl Stone Soup version 0.31-a0-325-g067879e3d3 (webtiles) character file.

Game seed: 5928557635125422339

16028 Essalna the Mimic (level 12, -10/119 HPs)
             Began as a Troll Shapeshifter on July 18, 2023.
             Was a Priest of Qazlal.
             Mangled by an entropy weaver (shapeshifter) (13 damage)
             ... on level 11 of the Dungeon.
             The game lasted 00:27:30 (10760 turns).

Essalna the Mimic (Troll Shapeshifter)             Turns: 10760, Time: 00:27:31

Health: -10/119    AC:  5    Str: 24    XL:     12   Next: 6%
Magic:  11/11      EV: 13    Int: -1 (2) God:    Qazlal [***...]
Gold:   751        SH:  3    Dex: 14    Spells: 11/11 levels left

rFire   + .          .
                       - Unarmed
rCold   + . .        (no shield)
rNeg    . . .        p - melded +0 troll leather armour
rPois   +            (helmet restricted)
rElec   +            y - +2 cloak
rCorr   +            (gloves unavailable)
SInv    +            (boots unavailable)
Will    ++...        (no amulet)
Stlth   +            e - ring of see invisible
HPRegen 1.19/turn    C - ring of resist corrosion
MPRegen 0.12/turn

%: no passive effects
@: mighty, maw-form, resistant, slowed, lost intelligence, unable to read, very
slow
A: devouring maw, large, unfitting armour, claws 3, regeneration 1, shaggy fur
1, tough skin 1, talons 1, deterioration 1, dopey 1, strong-willed 2, weak 1,
MP-powered wands
a: Begin Untransformation, Renounce Religion, Upheaval, Elemental Force


You were on level 11 of the Dungeon.
You worshipped Qazlal.
Qazlal was most pleased with you.
You were a creature with a mouth for a stomach.
You visited 2 branches of the dungeon, and saw 12 of its levels.
You also visited: Sewer and Ossuary.

You collected 751 gold pieces.

Inventory:

Armour
 a - a +1 animal skin
 d - a +2 robe of cold resistance
 p - a +0 troll leather armour (melded)
 u - a +0 cloak
 y - a +2 cloak (worn)
Jewellery
 e - a ring of see invisible (left claw)
 g - a ring of wizardry
 C - a ring of resist corrosion (right claw)
 D - a ring of fire
Talismans
 c - a beast talisman
 A - a maw talisman
Wands
 h - a wand of roots (18)
 B - a wand of digging (2)
 E - a wand of quicksilver (7)
Scrolls
 m - 5 scrolls of teleportation
 q - 2 scrolls of fear
 t - 3 scrolls of blinking
 v - 2 scrolls of poison
 x - 2 scrolls of enchant armour
 z - 5 scrolls of enchant weapon
 G - a scroll of identify
Potions
 b - 2 potions of lignification
 f - 3 potions of invisibility
 i - a potion of resistance
 j - a potion of heal wounds
 k - 2 potions of attraction {unknown}
 l - 2 potions of might
 n - 2 potions of ambrosia {unknown}
 o - 4 potions of mutation
 r - 2 potions of degeneration
 s - 8 potions of curing
 w - 6 potions of enlightenment


   Skills:
 + Level 7.8 Fighting
 + Level 7.8 Dodging
 + Level 9.3 Unarmed Combat
 + Level 10.8 Shapeshifting


You had 11 spell levels left.
You didn't know any spells.
Your spell library contained the following spells:

 Spells                   Type           Power      Damage    Failure   Level
 Apportation              Tloc           0%         N/A       58%         1
 Foxfire                  Conj/Fire      0%         2x1d4     58%         1
 Necrotise                Necr           0%         1d4       58%         1
 Slow                     Hex            0%         N/A       58%         1
 Summon Small Mammal      Summ           0%         N/A       58%         1
 Confusing Touch          Hex            0%         N/A       92%         3
 Gell's Gravitas          Tloc           0%         N/A       92%         3
 Hailstorm                Conj/Ice       0%         3d3       92%         3
 Teleport Other           Tloc           0%         N/A       92%         3
 Vampiric Draining        Necr           0%         2d6       92%         3
 Cause Fear               Hex            0%         N/A       100%        4
 Summon Ice Beast         Ice/Summ       0%         N/A       100%        4
 Fireball                 Conj/Fire      0%         3d3       100%        5
 Summon Forest            Summ/Tloc      0%         N/A       100%        5
 Dispersal                Tloc           0%         N/A       100%        6
 Eringya's Noxious Bog    Tmut/Pois      0%         4d6       100%        6
 Plasma Beam              Fire/Air       0%         2x1d10    100%        6
 Simulacrum               Ice/Necr       0%         N/A       100%        6
 Starburst                Conj/Fire      0%         6d3       100%        6
 Summon Hydra             Summ           0%         N/A       100%        7
 Dragon's Call            Summ           0%         N/A       100%        9


Dungeon Overview and Level Annotations

Branches:
Dungeon (11/15)            Temple (1/1) D:7            Lair (0/5) D:10
    Orc (0/2) D:9           Sewer (visited)         Ossuary (visited)

Altars:
Ashenzari
Cheibriados
Dithmenos
Elyvilon
Fedhas
Gozag
Hepliaklqana
Kikubaaqudgha
Makhleb
Nemelex Xobeh
Okawaru
Qazlal
Ru
Sif Muna
Trog
Uskayaw
Vehumet
Wu Jian
Xom
Yredelemnul
Zin
The Shining One

Shops:
D:4 (   D:9 *


Innate Abilities, Weirdness & Mutations

You are a creature with a mouth for a stomach.
Your midsection houses a second, enormous mouth.
You are too large for most types of armour.
You have claws for hands.
Your natural rate of healing is unusually fast.
You are covered in fur. (AC +1)
You have tough skin. (AC +1)
You have sharp toenails.
Your body sometimes deteriorates upon taking damage.
You are dopey. (Int -2)
You are highly strong-willed. (Will++)
You are weak. (Str -2)
You expend magic power (3 MP) to strengthen your wands.


Message History

You resist with almost no effort. The basilisk gazes at you.
You resist with almost no effort.
Attack: -) Claws
Press: ? - help, Dir - move target, f - basilisk
Aim: a basilisk shaped shifter (about 36% to evade your claws)
You claw the basilisk! You bite the basilisk!
The basilisk is severely wounded.
The basilisk bites you.
* * * LOW HITPOINT WARNING * * *
Attack: -) Claws
Press: ? - help, Dir - move target, f/p - basilisk
Aim: a basilisk shaped shifter (severely wounded, about 36% to evade your claws)
You closely miss the basilisk. Your kick misses the basilisk.
You bite the basilisk!
The basilisk is almost dead.
The basilisk changes into a yak!
The yak changes into an entropy weaver!
Attack: -) Claws
Press: ? - help, Dir - move target, f/p - entropy weaver
Aim: an entropy weaver shaped shifter (about 38% to evade your claws)
You mangle the entropy weaver!! Your kick misses the entropy weaver.
The entropy weaver is moderately wounded.
The entropy weaver hits you but does no damage.
The entropy weaver misses you. You block the entropy weaver's attack.
The entropy weaver closely misses you.
Attack: -) Claws
Press: ? - help, Dir - move target, f/p - entropy weaver
Aim: an entropy weaver shaped shifter (moderately wounded, about 38% to evade your claws)
You scratch the entropy weaver. You claw the entropy weaver.
Your bite misses the entropy weaver.
The entropy weaver is heavily wounded.
The entropy weaver barely misses you. The entropy weaver hits you!
* * * LOW HITPOINT WARNING * * *
The entropy weaver barely misses you. The entropy weaver hits you.
* * * LOW HITPOINT WARNING * * *
The entropy weaver hits you but does no damage.
The entropy weaver hits you.
* * * LOW HITPOINT WARNING * * *
The entropy weaver hits you!
You die...

#..# #.
#######
#..###.
##§§§§§##
##..
#§§§!§§§#
...
#.......#
#.
#.#§..#.#
.###.
#.......#
.....
###''B###
#####
#...W§..#
##
#.#§§.#.#
#########.
##.#.#.##
#.........
#§#§..#.#
#.#######.
#...#...#
#.# #.
#.#...#.#
#.# #.
#.......#
#.# #.
###'''###
#.# #.
##.......##
#.# #.


You could see an entropy weaver shaped shifter.

Vanquished Creatures
  A broodmother (shapeshifter) (D:11)
  The ghost of hitsuchi the Mimic, a journeyman MeSh of Makhleb (D:11)
  The ghost of Vruhak the Cleaver, a journeyman FoMo of Ru (D:9)
  A tengu warrior (D:9)
  A glowing orange brain (D:11)
  5 ugly things (D:11)
  2 manticores
  2 trolls
  A polar bear (shapeshifter) (D:11)
  2 hornets
  A shadow (D:9)
  11 yaks
  2 wraiths
  3 wyverns
  2 steam dragons
  2 neqoxecs (D:11)
  Grum (D:11)
  Edmund (D:6)
  3 acid dragons
  A water moccasin (D:6)
  4 black bears
  3 ice beasts
  2 ogres (D:7)
  2 orc warriors
  A sky beast (D:7)
  A tengu (shapeshifter) (D:11)
  2 wolves (D:11)
  A phantom (D:6)
  4 centaurs
  A kobold brigand (D:8)
  6 bullfrogs
  2 gnoll sergeants
  15 scorpions
  9 wights
  12 killer bees
  4 electric eels (D:8)
  2 howler monkeys
  A centaur zombie (Ossuary)
  A gnoll bouda (D:7)
  4 hounds
  2 jellies
  A sleepcap (D:6)
  Crazy Yiuf (D:7)
  A human zombie (Ossuary)
  8 orc priests
  4 scorpion zombies (Ossuary)
  3 iguanas
  4 orc wizards
  3 mummies (Ossuary)
  18 gnolls
  15 adders
  A river rat (D:6)
  2 shadow imps
  3 white imps
  An ufetubus (D:6)
  2 worms
  A dart slug (D:2)
  27 orcs
  8 bats
  6 endoplasms
  12 giant cockroaches
  3 gnoll zombies (Ossuary)
  8 goblins
  6 hobgoblins
  5 quokkas
  8 ball pythons
  5 frilled lizards (Sewer)
  2 goblin zombies (Ossuary)
  A hobgoblin zombie (Ossuary)
  4 kobolds
  An orc zombie (Ossuary)
  7 rats
294 creatures vanquished.

Notes
Turn   | Place    | Note
-------+----------+-------------------------------------------
     0 | D:1      | Essalna the Troll Shapeshifter began the quest for the Orb.
     0 | D:1      | Reached XP level 1. HP: 19/19 MP: 0/0
   166 | D:1      | Reached XP level 2. HP: 28/28 MP: 1/1
   364 | D:1      | Found a faded altar of an unknown god.
   514 | D:1      | Reached XP level 3. HP: 35/35 MP: 2/2
  1028 | D:2      | Identified the +5 short sword of Parts Unknown {heavy,
                  | rElec rC+ MP+9 Dex-3}
  1141 | D:2      | Reached XP level 4. HP: 42/42 MP: 3/3
  1528 | D:3      | Reached XP level 5. HP: 46/50 MP: 4/4
  1780 | D:3      | Found an iron altar of Okawaru.
  1944 | D:3      | Reached XP level 6. HP: 57/59 MP: 5/5
  2102 | D:4      | Found Jaapleam's Antique Weapon Shop.
  2177 | D:4      | Reached skill level 4 in Shapeshifting
  2276 | D:4      | Found a radiant altar of Vehumet.
  2276 | D:4      | Found an opulent altar of Gozag.
  2309 | D:4      | Noticed a wyvern
  2320 | D:4      | Killed a wyvern
  2335 | D:4      | Reached XP level 7. HP: 62/67 MP: 6/6
  2928 | D:5      | Entered Level 5 of the Dungeon
  3515 | D:5      | Reached XP level 8. HP: 78/78 MP: 7/7
  3516 | D:5      | Reached skill level 5 in Unarmed Combat
  3535 | D:5      | Reached skill level 5 in Shapeshifting
  4156 | D:6      | Noticed Edmund
  4170 | D:6      | Killed Edmund
  4331 | D:6      | Found a blossoming altar of Fedhas.
  4335 | D:6      | Reached skill level 5 in Fighting
  4335 | D:6      | Reached skill level 5 in Dodging
  4525 | D:6      | Found a glowing drain.
  4534 | Sewer    | Entered a sewer
  4576 | Sewer    | Reached XP level 9. HP: 78/88 MP: 8/8
  5197 | D:6      | Reached skill level 6 in Shapeshifting
  5383 | D:7      | Found a runed translucent door.
  5421 | D:7      | Found a staircase to the Ecumenical Temple.
  5491 | D:7      | Found a sand-covered staircase.
  5496 | Ossuary  | Entered an ossuary
  6092 | Temple   | Entered the Ecumenical Temple
  6183 | Temple   | Became a worshipper of Qazlal Stormbringer
  6284 | D:7      | Noticed Crazy Yiuf
  6543 | D:7      | Found an ornate altar of the Wu Jian Council.
  6546 | D:7      | Found an ancient bone altar of Kikubaaqudgha.
  6548 | D:7      | Found a hazy altar of Hepliaklqana.
  7010 | D:7      | Killed Crazy Yiuf
  7139 | D:8      | Reached XP level 10. HP: 55/98 MP: 9/9
  7345 | D:8      | Reached * piety under Qazlal
  7363 | D:8      | Reached skill level 7 in Shapeshifting
  7786 | D:8      | Found a basalt altar of Yredelemnul.
  8311 | D:9      | Found a runed translucent gate.
  8311 | D:9      | Found a runed translucent gate.
  8311 | D:9      | Found a runed translucent gate.
  8520 | D:9      | Found a bloodstained altar of Trog.
  8750 | D:9      | Found a staircase to the Orcish Mines.
  8767 | D:9      | Paralysed by a hornet for 1 turns
  8769 | D:9      | Reached skill level 8 in Shapeshifting
  8831 | D:9      | Reached ** piety under Qazlal
  9205 | D:9      | Found an opulent altar of Gozag.
  9205 | D:9      | Noticed a manticore
  9206 | D:9      | Found Odatasav's Assorted Antiques.
  9206 | D:9      | Noticed a tengu warrior
  9206 | D:9      | Noticed Vruhak's ghost (journeyman FoMo)
  9217 | D:9      | Gained mutation: You have large cloven feet. [potion of
                  | mutation]
  9217 | D:9      | Gained mutation: You have hidden genetic potential. [potion
                  | of mutation]
  9217 | D:9      | Gained mutation: You expend magic power (3 MP) to
                  | strengthen your wands. [potion of mutation]
  9218 | D:9      | Lost mutation: You have hidden genetic potential. [potion
                  | of mutation]
  9218 | D:9      | Lost mutation: You have large cloven feet. [potion of
                  | mutation]
  9218 | D:9      | Gained mutation: You are strong-willed. (Will+) [potion of
                  | mutation]
  9218 | D:9      | Gained mutation: You are highly strong-willed. (Will++)
                  | [potion of mutation]
  9218 | D:9      | Gained mutation: You have sharp toenails. [potion of
                  | mutation]
  9240 | D:9      | Killed Vruhak's ghost
  9244 | D:9      | Killed a tengu warrior
  9245 | D:9      | Reached skill level 9 in Shapeshifting
  9245 | D:9      | Reached XP level 11. HP: 109/109 MP: 10/10
  9404 | D:10     | Entered Level 10 of the Dungeon
  9623 | D:10     | Found a staircase to the Lair.
  9686 | D:10     | Reached skill level 10 in Shapeshifting
 10373 | D:11     | Noticed Grum
 10382 | D:11     | Killed Grum
 10594 | D:11     | Found a runed translucent gate.
 10594 | D:11     | Found a runed translucent gate.
 10594 | D:11     | Found a runed translucent gate.
 10594 | D:11     | Noticed a green ugly thing
 10594 | D:11     | Noticed a cyan ugly thing
 10594 | D:11     | Noticed a cyan ugly thing
 10595 | D:11     | Noticed a white ugly thing
 10596 | D:11     | Noticed a goliath frog
 10596 | D:11     | Noticed a brown ugly thing
 10597 | D:11     | Noticed a glowing orange brain
 10598 | D:11     | a goliath frog changed into a boulder beetle
 10598 | D:11     | Noticed a boulder beetle (glowing shapeshifter)
 10599 | D:11     | a boulder beetle changed into a six-headed hydra
 10599 | D:11     | Noticed a six-headed hydra (glowing shapeshifter)
 10610 | D:11     | a six-headed hydra changed into a radroach
 10610 | D:11     | Noticed a radroach (glowing shapeshifter)
 10612 | D:11     | a radroach changed into a shock serpent
 10612 | D:11     | Noticed a shock serpent (glowing shapeshifter)
 10613 | D:11     | a shock serpent changed into a broodmother
 10613 | D:11     | Noticed a broodmother (glowing shapeshifter)
 10615 | D:11     | Killed a green ugly thing
 10620 | D:11     | Killed a cyan ugly thing
 10627 | D:11     | Killed a broodmother
 10632 | D:11     | Noticed a boulder beetle
 10632 | D:11     | Killed a green ugly thing
 10637 | D:11     | Killed a cyan ugly thing
 10641 | D:11     | Killed a green ugly thing
 10647 | D:11     | Killed a glowing orange brain
 10719 | D:11     | Found a runed translucent gate.
 10719 | D:11     | Found a runed translucent gate.
 10723 | D:11     | Noticed hitsuchi's ghost (journeyman MeSh)
 10725 | D:11     | Found a runed translucent gate.
 10746 | D:11     | Lost intelligence.
 10749 | D:11     | Killed hitsuchi's ghost
 10749 | D:11     | Gained mutation: You are weak. (Str -2) [a neqoxec]
 10750 | D:11     | Reached XP level 12. HP: 38/119 MP: 11/11
 10751 | D:11     | Gained mutation: You are dopey. (Int -2) [a neqoxec]
 10754 | D:11     | Gained mutation: Your body sometimes deteriorates upon
                  | taking damage. [a neqoxec]
 10756 | D:11     | Reached *** piety under Qazlal
 10758 | D:11     | a yak changed into an entropy weaver
 10758 | D:11     | Noticed an entropy weaver (shapeshifter)
 10760 | D:11     | HP: 3/119 [entropy weaver (shapeshifter) (5)]
 10760 | D:11     | Mangled by an entropy weaver (shapeshifter)

Illustrated notes

Levels and vault maps discovered:
D:1:      psy_arrival_spokes, layout_loops_cross,
          hellmonk_ecumenical_altar_leap_of_faith, minmay_misc_feat_cross
D:2:      layout_loops_ring
D:3:      kennysheep_six_static_rooms, layout_rooms, mainiacjoe_overflow_paths,
          kennysheep_generic_room_15
D:4:      layout_gridville, gammafunk_temple_overflow_wave, serial_shops,
          nicolae_shop_hallway_stairs, minmay_large_rounded_square,
          nicolae_hexahallways
D:5:      layout_layer_cave
D:6:      layout_cave_pools, mainiacjoe_overflow_boulevard,
          portal_sewer_entry_e, uniq_edmund
D:7:      layout_basic, nicolae_overflow_hidden_temple,
          minmay_temple_entry_grid, enter_ossuary_2, st_stairs_12,
          uniq_crazy_yiuf_cottage
D:8:      layout_gridville, mainiacjoe_overflow_concentric_impassable,
          serial_bayou_lake_a
D:9:      layout_loops_corners, mainiacjoe_overflow_brackets, erik_orc_3,
          ebering_ghost_gozag
D:10:     layout_irregular_city, lair_entry_dummy
D:11:     layout_loops_ring, ploomutoo_gammafunk_ghost_potion_laboratory,
          uniq_grum, uniq_erica
Temple:   oiseaux_autumnal_temple

Skill      XL: |  1  2  3  4  5  6  7  8  9 10 11 |
---------------+----------------------------------+-----
Fighting       | 2 3 4 5 6 7 |  7.8
Dodging        | 2 3 4 5 6 7 |  7.8
Unarmed Combat | 3 4 6 7 8 9 |  9.3
Shapeshifting  | 4 5 6 9 10 | 10.8

Action                     |  1- 3 |  4- 6 |  7- 9 | 10-12 || total
---------------------------+-------+-------+-------+-------++-------
  Melee: Unarmed           |    66 |   107 |   318 |   321 ||   812
         Punch             |       |     1 |    13 |    19 ||    33
         Kick              |       |       |       |    40 ||    40
         Maw               |       |       |       |    22 ||    22
    Use: Scroll            |     2 |     3 |     9 |    10 ||    24
         Potion            |       |       |     1 |    11 ||    12
   Stab: Sleeping          |     2 |       |     1 |       ||     3
 Armour: Animal skin       |    23 |    20 |    58 |       ||   101
         Robe              |       |       |    43 |    41 ||    84
         Skin              |       |       |       |    53 ||    53
         Troll leather arm |       |       |       |     2 ||     2
  Dodge: Dodged            |    26 |    54 |   172 |   173 ||   425
  Block: Other             |       |       |       |    26 ||    26
   Form: Maw               |       |       |       |     2 ||     2
                           |       |       |       |     1 ||     1

Table legend: (Time is in decaauts)
 A = Elapsed time spent in this place.
 B = Non-inter-level travel time spent in this place.
 C = Inter-level travel time spent in this place.
 D = Time resting spent in this place.
 E = Time spent auto-exploring this place.
 F = Levels seen in this place.
 G = Mean time per level.
                   A        B        C        D        E       F      G
               +--------+--------+--------+--------+--------+-----+--------+
         Total |  10689 |   9850 |    839 |    124 |   7801 |  14 |  763.5 |
       Dungeon |   9795 |   9076 |    719 |    124 |   7314 |  11 |  890.5 |
        Temple |    122 |      2 |    120 |      0 |      0 |   1 |  122.0 |
         Sewer |    458 |    458 |      0 |      0 |    296 |   1 |  458.0 |
       Ossuary |    312 |    312 |      0 |      0 |    191 |   1 |  312.0 |
               +--------+--------+--------+--------+--------+-----+--------+

Top non-repeatable levels by time:
     D:7: 1426 daAuts
     D:9: 1206 daAuts
     D:5: 1178 daAuts
     D:8: 1004 daAuts
     D:4: 823 daAuts
    D:10: 817 daAuts
     D:1: 762 daAuts
     D:3: 731 daAuts
     D:6: 714 daAuts
     D:2: 599 daAuts
    D:11: 532 daAuts
   Sewer: 458 daAuts
 Ossuary: 312 daAuts
  Temple: 122 daAuts
